 Dungeon Crawl Stone Soup version 0.22-a0-374-g5dfd9e3 (webtiles) character file.

962 zero the Geomancer (level 8, -1/41 HPs)
             Began as a Gargoyle Earth Elementalist on Apr 26, 2018.
             Slain by a tentacled monstrosity (8 damage)
             ... on level 1 of the Abyss.
             The game lasted 00:11:39 (5555 turns).

zero the Geomancer (Gargoyle Earth Elementalist)    Turns: 5555, Time: 00:11:40

Health: -1/41      AC:  8    Str: 11    XL:     8   Next: 15%
Magic:  14/14      EV:  9    Int: 19    God:
Gold:   205        SH:  0    Dex: 10    Spells: 6/15 levels left

rFire    . . .     SeeInvis .   q - +5 short sword (speed)
rCold    . . .     Gourm    .   (no shield)
rNeg     + . .     Faith    .   c - +0 robe
rPois    ∞         Spirit   .   (no helmet)
rElec    +         Reflect  .   (no cloak)
rCorr    .         Harm     .   i - +0 pair of gloves
MR       .....                  (no boots)
Stlth    +++.......             (no amulet)
HPRegen  0.13/turn              n - ring of stealth
MPRegen  0.14/turn              (no ring)

@: constricted
A: negative energy resistance 1, electricity resistance, unbreathing,
petrification resistance, rot immunity, AC +5
a: no special abilities


You were on level 1 of the Abyss.
You were hungry.

You visited 1 branch of the dungeon, and saw 5 of its levels.
You visited the Abyss 1 time.

You collected 205 gold pieces.

Inventory:

Hand Weapons
 a - a +0 club
 f - a +1 dagger of flaming
 m - a +0 hunting sling
 q - a +5 short sword of speed (weapon)
Missiles
 b - 106 stones (quivered)
 A - a throwing net
Armour
 c - a +0 robe (worn)
 i - a +0 pair of gloves (worn)
Jewellery
 g - an uncursed amulet of the gourmand {unknown}
 n - a ring of stealth (left hand)
 y - an uncursed amulet of faith {unknown}
Wands
 w - a wand of disintegration (21)
 z - a wand of random effects (23)
Scrolls
 e - a scroll of remove curse
 o - 2 scrolls of enchant weapon
 v - a scroll of enchant armour
Potions
 u - a potion of berserk rage {unknown}
Comestibles
 d - 8 rations


   Skills:
 - Level 1.5 Dodging
 - Level 2.1 Stealth
 + Level 4.4 Spellcasting
 - Level 4.5 Conjurations
   Level 0.7 Transmutations
 + Level 8.8 Earth Magic


You had 6 spell levels left.
You knew the following spells:

 Your Spells              Type           Power        Failure   Level  Hunger
a - Sandblast             Erth           #####.       1%          1    None
b - Stone Arrow           Conj/Erth      ####..       2%          3    ###....
c - Lee's Rapid Deconstr  Erth           #####.....   10%         5    ######.


Dungeon Overview and Level Annotations

Branches:
Dungeon (5/15)
 Temple: D:4-7

Altars:
Okawaru


Innate Abilities, Weirdness & Mutations

You are resistant to torment.
Your stone body is resilient. (AC +5)
You are immune to poison.
You resist negative energy. (rN+)
You are resistant to electric shocks. (rElec)
You can survive without breathing.
You are immune to petrification.
You are immune to rotting.


Message History

The quasit misses you. The quasit closely misses you.
The quasit completely misses you. x2
You are suddenly pulled into a different region of the Abyss!
Found a dire flail and a small bone ring.
A hellephant, an ice devil and a raiju come into view.
The ice devil misses you.
Your extra speed is starting to run out.
You feel yourself slow down.
Found a scroll labeled CUEXZE WONESH.
You are feeling hungry.
A spiny frog skeleton comes into view.
You feel a little less agile now.
A starcursed mass and a tentacled monstrosity come into view.
The tentacled monstrosity completely misses you.
The tentacled monstrosity tentacle-slaps you!
* * * LOW HITPOINT WARNING * * *
The tentacled monstrosity tentacle-slaps you.
* * * LOW HITPOINT WARNING * * *
The tentacled monstrosity grabs you.
You die...

#.... ##.#..##..
.....## ##..#..##..
..#.#..# #.#........
.#.#....##.#........
#.§.#........#..##..
§X......#4..#..# .
#...#.......... .
#.....#.##......
#.#..@X..# #..##..
#......#..#. # ..
#...#.#..#.... .
##.....##.#.....
#.##.. .##.. ## #..#
# .. ..#. ....


You could see a starcursed mass, a tentacled monstrosity and an ice devil.

Vanquished Creatures
  The ghost of EnegeticOcto the Insei, an amateur HuTm (D:3)
  A raiju (Abyss:1)
  A big kobold (D:4)
  2 howler monkeys (D:4)
  An iron imp (Abyss:1)
  A bullfrog skeleton (D:4)
  2 orc priests
  An orc wizard (D:5)
  An iguana (D:4)
  2 worker ants (D:4)
  A hound skeleton (D:4)
  5 gnolls
  4 adders
  An adder skeleton (D:4)
  5 worms
  A dart slug (D:1)
  3 leopard geckos
  6 orcs
  6 bats
  5 giant cockroaches
  7 goblins
  12 hobgoblins
  6 jackals
  9 kobolds
  4 ball pythons
  A ball python skeleton (D:5)
  5 frilled lizards
  6 rats
  2 plants (D:4)
102 creatures vanquished.

Vanquished Creatures (others)
  7 starspawn tentacles (Abyss:1)
7 creatures vanquished.

Grand Total: 109 creatures vanquished

Notes
Turn   | Place    | Note
-------+----------+-------------------------------------------
     0 | D:1      | zero the Gargoyle Earth Elementalist began the quest for the Orb.
     0 | D:1      | Reached XP level 1. HP: 10/10 MP: 3/3
    46 | D:1      | Reached skill level 4 in Earth Magic
    46 | D:1      | Reached XP level 2. HP: 5/15 MP: 0/5
   501 | D:1      | Reached skill level 5 in Earth Magic
   501 | D:1      | Reached XP level 3. HP: 19/19 MP: 6/6
  1029 | D:2      | Reached XP level 4. HP: 19/24 MP: 1/7
  1036 | D:2      | Reached skill level 6 in Earth Magic
  1282 | D:2      | Learned a level 3 spell: Stone Arrow
  1999 | D:3      | Found an iron altar of Okawaru.
  2081 | D:3      | Noticed EnegeticOcto's ghost (amateur HuTm)
  2319 | D:4      | Reached skill level 7 in Earth Magic
  2319 | D:4      | Reached XP level 5. HP: 28/28 MP: 5/8
  2576 | D:5      | Entered Level 5 of the Dungeon
  2594 | D:4      | Reached skill level 1 in Conjurations
  3716 | D:3      | Killed EnegeticOcto's ghost
  3716 | D:3      | Reached XP level 6. HP: 18/32 MP: 1/10
  4353 | D:4      | Reached XP level 7. HP: 35/36 MP: 11/11
  4413 | D:4      | Learned a level 5 spell: Lee's Rapid Deconstruction
  4519 | D:4      | Reached skill level 8 in Earth Magic
  5170 | D:5      | Cast into level 1 of the Abyss (orc wizard)
  5181 | Abyss:1  | Noticed a tentacled starspawn
  5203 | Abyss:1  | Noticed a starcursed mass
  5211 | Abyss:1  | Noticed a bone dragon
  5216 | Abyss:1  | Found a corrupted altar of Lugonu.
  5238 | Abyss:1  | Noticed a raiju
  5262 | Abyss:1  | Killed a raiju
  5262 | Abyss:1  | Reached XP level 8. HP: 20/41 MP: 4/14
  5404 | Abyss:1  | Noticed an ancient zyme
  5452 | Abyss:1  | Noticed a green ugly thing
  5452 | Abyss:1  | Noticed a green very ugly thing
  5452 | Abyss:1  | Noticed a green ugly thing
  5453 | Abyss:1  | Noticed a green very ugly thing
  5512 | Abyss:1  | Noticed an ice devil
  5512 | Abyss:1  | Noticed a hellephant
  5512 | Abyss:1  | Noticed a raiju
  5554 | Abyss:1  | Noticed a starcursed mass
  5554 | Abyss:1  | Noticed a tentacled monstrosity
  5555 | Abyss:1  | Slain by a tentacled monstrosity

Vault maps used:
D:1:      nicolae_arrival_memento_mori, minmay_pentomino_x2
D:2:      first_ration
D:3:      serial_glass, glass_columns_a, glass_columns_a, glass_columns_a,
          glass_columns_a, glass_columns_b, glass_columns_a, glass_columns_a,
          glass_columns_b, glass_columns_b, glass_columns_a, grunt_ministairs_8,
          okawaru_ov_weapons_minmay
D:4:      cheibrodos_sewer_entry_sluice, hangedman_abyss_or_decor_passed,
          lexackson_kobold_supper
D:5:      overflow_temple_1_default

Skill      XL: |  1  2  3  4  5  6  7 |
---------------+----------------------+-----
Earth Magic    | 4 5 7 8 |  8.8
Conjurations   | 2 4 |  4.5
Spellcasting   | 3 4 |  4.4
Dodging        | |  1.5
Stealth        | |  2.1
Transmutations | |  0.7

Action                   |  1- 3 |  4- 6 |  7- 9 || total
-------------------------+-------+-------+-------++-------
Melee: Dagger            |    57 |   127 |       ||   184
       Short sword       |       |    42 |   125 ||   167
 Cast: Sandblast         |    13 |    23 |    21 ||    57
       Lee's Rapid Decon |       |       |     1 ||     1
Evoke: Wand              |       |       |     1 ||     1
  Use: Scroll            |       |       |    11 ||    11
       Potion            |       |       |     6 ||     6
 Stab: Sleeping          |     6 |    11 |       ||    17
  Eat: Chunk             |     1 |     7 |     4 ||    12
       Ration            |       |     1 |       ||     1
Armor: Robe              |    22 |    43 |    39 ||   104
Dodge: Dodged            |    42 |   103 |    96 ||   241

Table legend:
 A = Spawn XP
 B = Non-spawn XP
 C = Spawn XP percentage of total XP
 D = Spawn monster count
 E = Non-spawn monster count
 F = Spawn count percentage of total count
 G = Total turns spent on level
                    A         B        C        D         E        F      G
               +---------+---------+-------+---------+---------+-------+---------
         Total |     314 |    1061 |  22.8 |       2 |      98 |   2.0 |  5555
               +---------+---------+-------+---------+---------+-------+---------
           D:1 |       0 |      49 |   0.0 |       0 |      20 |   0.0 |   900
           D:2 |       0 |     100 |   0.0 |       0 |      22 |   0.0 |  1388
           D:3 |       0 |     316 |   0.0 |       0 |      16 |   0.0 |  1302
           D:4 |       0 |     503 |   0.0 |       0 |      33 |   0.0 |  1450
           D:5 |       0 |      93 |   0.0 |       0 |       7 |   0.0 |   130
       Abyss:1 |     314 |       0 | 100.0 |       2 |       0 | 100.0 |   385
               +---------+---------+-------+---------+---------+-------+---------
